Map: Ruins of Endion

Players

NYK

  • Race: Zerg Zerg
  • League: Grandmaster

Pokebunny - Winner!

  • Race: Terran Terran
  • League: Grandmaster

VOD

Have the link to the VOD?

Description

Time

  • Played on: April 4, 2016, 10:39 p.m.
  • Length: 11:32
Show
View Real Time Build Order
Export as new Build Order

NYK Zerg 

Build Orders: Hatch First 

Get SALT Encoding   

  12  0:01  Drone  
  13  0:12  Overlord  
  13  0:27  Drone  
  14  0:32  Drone x2  
  16  0:39  Drone  
  17  0:56  Hatchery  
  16  0:58  Drone  
  16  1:00  Drone  
  18  1:13  Extractor  
  18  1:16  Spawning Pool  
  16  1:19  Drone  
  16  1:21  Drone  
  18  1:32  Drone  
  19  1:44  Overlord  
  19  2:02  Queen  
  19  2:03  Zergling x2  
  19  2:04  Zergling x2  
  19  2:07  Queen  
  25  2:12  Metabolic Boost  
  25  2:15  Drone x2  
  27  2:21  Zergling x2  
  28  2:30  Extractor  
  28  2:32  Drone x2  
  28  2:35  Extractor  
  28  2:44  Extractor  
  28  2:47  Drone x3  
  33  2:52  Overlord  
  33  2:59  Drone  
  34  3:13  Overlord  
  34  3:14  Drone x2  
  34  3:18  Hatchery  
  35  3:21  Zergling x2  
  35  3:26  Zergling x2  
  37  3:27  Zergling x12  
  42  3:38  Zergling x4  
  42  3:48  Zergling x4  
  44  3:54  Baneling Nest  
  43  3:59  Zergling x2  
  43  4:00  Zergling x10  
  49  4:06  Overlord x2  
  47  4:22  Zergling x4  
  46  4:31  Zergling x14  
  50  4:43  Zergling x2  
  50  4:44  Zergling x4  
  53  4:52  Spore Crawler  
  48  4:54  Spore Crawler  
  45  5:00  Drone x4  
  45  5:06  Baneling x6  
  45  5:07  Baneling x6  
  49  5:15  Spore Crawler  
  43  5:23  Zergling x2  
  43  5:24  Zergling x8  
  43  5:42  Zergling x2  
  36  5:43  Zergling x10  
  37  5:55  Drone x5  
  42  5:57  Drone  
  43  6:05  Drone x3  
  43  6:06  Drone  
  47  6:19  Drone  
  47  6:21  Queen  
  50  6:26  Overlord  
  50  6:32  Drone  
  51  6:33  Drone x6  
  57  6:43  Baneling, Roach Warren  
  56  6:48  Extractor  
  56  6:52  Drone  
  56  6:55  Drone x2  
  56  6:56  Drone  
  56  6:57  Drone x6  
  65  7:08  Zergling x6  
  66  7:09  Zergling x2  
  66  7:10  Baneling  
  66  7:11  Baneling x5  
  69  7:16  Zergling x8  
  69  7:19  Baneling x2  
  71  7:31  Zergling x2  
  71  7:32  Zergling x8  
  71  7:33  Overlord x2  
  72  7:39  Overlord  
  71  7:46  Drone x2, Lair, Extractor  
  71  7:47  Drone  
  73  7:52  Roach x3  
  79  8:02  Roach x3  
  85  8:07  Overlord  
  82  8:17  Roach  
  82  8:18  Roach x3  
  86  8:26  Drone  
  87  8:27  Evolution Chamber  
  87  8:31  Drone  
  87  8:32  Drone x5  
  92  8:38  Ravager x2  
  92  8:40  Roach, Extractor  
  95  8:48  Roach  
  91  8:57  Overlord x2  
  91  9:03  Roach x4  
  93  9:17  Roach x8  
  88  9:23  Roach x2  
  104  9:27  Queen x3  
  107  9:38  Roach  
  107  9:39  Roach x3  
  101  9:53  Roach  
  101  9:54  Roach x5  
  109  10:05  Roach x5  
  106  10:13  Roach x2  
  106  10:14  Roach  
  111  10:17  Ravager  
  112  10:22  Roach  
  109  10:33  Roach x4  
  102  10:37  Roach x3  
  108  10:44  Roach x3  
  108  10:46  Overlord x5  
  110  11:09  Roach x4  
Show
View Real Time Build Order
Export as new Build Order

Pokebunny Terran - Winner!

Build Orders: Liberator Opening, Reaper Expand, MMM Bio 

Get SALT Encoding   

  12  0:00  SCV  
  13  0:13  SCV  
  14  0:17  Supply Depot  
  14  0:25  SCV  
  15  0:39  SCV  
  15  0:40  Barracks  
  16  0:43  Refinery  
  16  0:51  SCV  
  17  1:03  SCV  
  18  1:15  SCV  
  19  1:28  Orbital Command  
  19  1:29  Reaper  
  20  1:40  Command Center  
  20  1:55  Supply Depot  
  20  1:56  SCV  
  20  2:01  Marine  
  23  2:08  SCV  
  23  2:11  Factory  
  23  2:17  Refinery  
  23  2:20  SCV  
  23  2:22  Barracks Reactor  
  24  2:32  SCV  
  25  2:44  SCV  
  26  2:53  Orbital Command  
  26  2:54  Command Center  
  26  3:00  Starport  
  25  3:08  Hellion  
  27  3:14  Hellion  
  29  3:20  SCV x2  
  29  3:23  Barracks Tech Lab  
  31  3:27  Liberator  
  31  3:30  Hellion  
  32  3:43  Marine  
  32  3:45  SCV  
  32  3:46  SCV  
  38  3:50  Hellion  
  38  3:51  Hellion  
  38  3:54  Stimpack  
  42  3:58  SCV x2  
  42  4:02  Marine  
  45  4:06  Supply Depot  
  45  4:12  Orbital Command  
  40  4:25  Hellion  
  40  4:26  Hellion, Marine  
  40  4:28  SCV  
  40  4:35  Starport Reactor  
  38  4:47  Hellion x2  
  40  4:54  SCV x2  
  40  4:56  Marine  
  43  5:01  Barracks  
  41  5:09  Hellion  
  41  5:11  Barracks  
  43  5:15  Hellion  
  43  5:17  Marine  
  46  5:28  SCV x2  
  46  5:52  Barracks Reactor  
  46  6:01  Supply Depot  
  46  6:02  Supply Depot x2  
  46  6:08  Barracks Reactor, Combat Shields  
  46  6:10  Medivac x2  
  47  6:15  Orbital Command  
  47  6:19  SCV  
  47  6:21  Marine  
  47  6:24  Factory Tech Lab  
  49  6:26  Barracks  
  49  6:31  Command Center  
  49  6:36  Marine x2  
  51  6:42  SCV  
  52  6:47  Marine  
  53  6:59  Siege Tank  
  56  7:02  Marine x2  
  56  7:06  Marine x2  
  60  7:15  Marine x3  
  61  7:16  SCV  
  61  7:17  SCV  
  61  7:20  Marine  
  64  7:40  Marine x2  
  64  7:41  Marine x3  
  64  7:42  Siege Tank  
  64  7:43  Orbital Command  
  72  7:47  SCV  
  72  7:48  SCV  
  74  7:55  Engineering Bay x2  
  74  8:04  Marine x7  
  79  8:20  Siege Tank  
  79  8:21  Marine, Medivac x2  
  87  8:27  Refinery  
  87  8:28  Refinery  
  87  8:32  Terran Infantry Armor Level 1  
  87  8:33  Terran Infantry Weapons Level 1  
  87  8:43  Marine x6  
  87  8:59  Medivac x2  
  91  9:04  Marine  
  91  9:06  Marine  
  93  9:19  Supply Depot  
  93  9:23  Supply Depot  
  93  9:30  Marine  
  93  9:40  Marine x6  
  93  9:41  Siege Tank  
  93  9:42  Orbital Command  
  102  9:51  Marine  
  101  9:56  Medivac x2  
  101  9:58  Marine  
  99  10:15  Siege Tank, Marine x3  
  99  10:16  Marine x3  
  99  10:20  Armory  
  99  10:21  SCV x3  
  110  10:24  Marine  
  110  10:33  Marine x2  
  108  10:38  Marine  
  108  10:39  Marine x3  
  108  10:41  Marine  
  113  10:44  Supply Depot x2  
  113  10:45  Supply Depot  
  113  11:03  Marine  
  113  11:04  Marine x3  
  114  11:05  Marine x3  
  114  11:09  Supply Depot  
  114  11:10  Supply Depot  
Tags
 
Add a new tag
Caveats
  • Supply blocks, unpowered buildings, or Contaminate may cause inaccurate times.
  • Supply counts are checked every 10 seconds.